 Dungeon Crawl Stone Soup version 0.23.2-40-g277498a001 (webtiles) character file.

Game seed: 15898195054012551643

2768 Kikorro the Slasher (level 9, -8/78 HPs)
             Began as a Red Draconian Fighter on Sept 4, 2019.
             Killed from afar by an orc (10 damage)
             ... with an exploding inner flame
             ... hexed by the player character
             ... on level 8 of the Dungeon.
             The game lasted 00:18:49 (7058 turns).

Kikorro the Slasher (Red Draconian Fighter)         Turns: 7058, Time: 00:18:50

Health: -8/78      AC:  8    Str: 21    XL:     9   Next: 42%
Magic:  9/9        EV: 13    Int:  9    God:
Gold:   201        SH: 11    Dex: 11    Spells: 8/8 levels left

rFire    + . .     SeeInvis .   a - +1 long sword
rCold    . . .     Gourm    .   b - +1 shield
rNeg     . . .     Faith    .   (armour unavailable)
rPois    .         Spirit   .   (helmet restricted)
rElec    .         Reflect  .   (no cloak)
rCorr    .         Harm     .   (no gloves)
MR       .....                  m - +0 pair of boots
Stlth    +++.......             (no amulet)
HPRegen  0.23/turn              j - ring of stealth
MPRegen  0.11/turn              (no ring)

@: no status effects
A: breathe fire, unfitting armour, fire resistance 1, cold-blooded, AC +7
a: Breathe Fire


You were on level 8 of the Dungeon.
You were very hungry.

You visited 1 branch of the dungeon, and saw 7 of its levels.

You collected 201 gold pieces.

Inventory:

Hand Weapons
 a - a +1 long sword (weapon)
Armour
 b - a +1 shield (worn)
 m - a +0 pair of boots (worn)
Jewellery
 j - a ring of stealth (left hand)
 l - an uncursed amulet of the gourmand {unknown}
Wands
 g - a wand of random effects (16)
Scrolls
 f - 5 scrolls of remove curse
 k - a scroll of magic mapping
Potions
 c - a potion of might
 h - 2 potions of agility
 n - 5 potions of flight {unknown}
 o - a potion of lignification
 r - a potion of brilliance {unknown}
Comestibles
 d - 5 rations


   Skills:
 + Level 6.7 Fighting
 + Level 7.8 Long Blades
 + Level 6.5 Dodging
 + Level 3.0 Stealth
 + Level 6.3 Shields


You had 8 spell levels left.
You didn't know any spells.
Your spell library was empty.

Dungeon Overview and Level Annotations

Branches:
Dungeon (6/15)               Lair (0/6) D:8
 Temple: D:4-7

Altars:
Hepliaklqana
Nemelex Xobeh
Ru
Uskayaw
Xom


Innate Abilities, Weirdness & Mutations

You can breathe blasts of fire.
Your fiery red scales are hard. (AC +7)
You cannot fit into any form of body armour.
Your flesh is heat resistant. (rF+)
You are cold-blooded and may be slowed by cold attacks.


Message History

Increase (S)trength, (I)ntelligence, or (D)exterity?
You feel stronger.
Your scales feel tougher.
The fiery explosion engulfs the death yak!!
The death yak is heavily wounded.
The fiery explosion engulfs the orc!!
The orc explodes!
The fiery explosion engulfs you. You resist.
The fiery explosion engulfs the death yak!!
The death yak is severely wounded.
The fiery explosion engulfs you!! You resist.
* * * LOW HITPOINT WARNING * * *
Your Dodging skill increases to level 6!
Your Shields skill increases to level 6!
The fiery explosion engulfs you!! You resist.
* * * LOW HITPOINT WARNING * * *
The fiery explosion engulfs the death yak!!
The death yak explodes!
Your Stealth skill increases to level 3!
The fiery explosion engulfs you! You resist.
You die...

.............
...%....%.%.#
......%.....#
...#.>......## .
.....Y.s.....#..
.....Y§Y§§§...%%
.....Y§§§§§....
####Y.§§§§§#.##
####Y@§§..#
########


You could see 6 death yaks and a scorpion (inner flame).

Vanquished Creatures
  2 death yaks (D:8)
  The ghost of nano the Ducker, an amateur SpAK of Lugonu (D:4)
  2 phantoms
  A sky beast (D:4)
  A necrophage (D:5)
  An ogre (D:4)
  A bullfrog (D:8)
  3 gnoll sergeants
  A scorpion (D:2)
  A water moccasin skeleton (D:4)
  2 wights (D:5)
  A hound (D:4)
  2 orc priests (D:4)
  A jelly (D:5)
  6 orc wizards
  4 worker ants
  A killer bee zombie (D:5)
  4 gnolls (D:5)
  7 adders
  2 oozes (D:3)
  3 dart slugs
  6 leopard geckos
  12 orcs
  2 ball pythons
  2 giant cockroaches
  9 goblins
  11 hobgoblins
  6 jackals
  3 quokkas
  5 bats
  11 kobolds
  3 rats
117 creatures vanquished.

Notes
Turn   | Place    | Note
-------+----------+-------------------------------------------
     0 | D:1      | Kikorro the Draconian Fighter began the quest for the Orb.
     0 | D:1      | Reached XP level 1. HP: 19/19 MP: 1/1
   510 | D:1      | Reached XP level 2. HP: 23/26 MP: 2/2
  1138 | D:2      | Reached XP level 3. HP: 33/33 MP: 3/3
  1320 | D:2      | Found a hazy altar of Hepliaklqana.
  1378 | D:2      | Noticed a scorpion
  1390 | D:2      | Killed a scorpion
  1390 | D:2      | Reached XP level 4. HP: 25/40 MP: 4/4
  1543 | D:2      | Reached skill level 3 in Long Blades
  2162 | D:3      | Found a hide-covered altar of Uskayaw.
  2226 | D:3      | Found a sparkling altar of Nemelex Xobeh.
  2371 | D:3      | Reached XP level 5. HP: 45/46 MP: 5/5
  2959 | D:4      | Found a sacrificial altar of Ru.
  2970 | D:4      | Reached skill level 1 in Stealth
  3080 | D:4      | Noticed an ogre
  3094 | D:4      | Killed an ogre
  3094 | D:4      | Reached skill level 4 in Long Blades
  3094 | D:4      | Reached XP level 6. HP: 18/53 MP: 6/6
  3612 | D:4      | Your scales start taking on a fiery red colour.
  3612 | D:4      | Reached XP level 7. HP: 40/60 MP: 7/7
  3612 | D:4      | Gained mutation: Your flesh is heat resistant. (rF+) [Red
                  | Draconian growth]
  3974 | D:4      | Found a runed translucent door.
  3980 | D:4      | Noticed nano's ghost (amateur SpAK)
  4029 | D:4      | Killed nano's ghost
  4029 | D:4      | Reached skill level 5 in Fighting
  4029 | D:4      | Reached skill level 5 in Long Blades
  4188 | D:5      | Entered Level 5 of the Dungeon
  5425 | D:4      | Reached XP level 8. HP: 62/69 MP: 8/8
  5472 | D:4      | Reached skill level 5 in Shields
  5793 | D:4      | HP: 3/69 [sky beast (6)]
  5797 | D:4      | Reached skill level 6 in Long Blades
  5994 | D:5      | Reached skill level 5 in Dodging
  6496 | D:5      | Found a shimmering altar of Xom.
  7052 | D:6      | You fall through a shaft for 2 floors!
  7052 | D:8      | Found a staircase to the Lair.
  7052 | D:8      | Noticed a death yak
  7052 | D:8      | Noticed a death yak
  7052 | D:8      | Noticed a death yak
  7052 | D:8      | Noticed a death yak
  7052 | D:8      | Noticed a death yak
  7052 | D:8      | Noticed a death yak
  7052 | D:8      | Noticed a death yak
  7053 | D:8      | Noticed a death yak
  7058 | D:8      | Killed a death yak
  7058 | D:8      | Reached skill level 7 in Long Blades
  7058 | D:8      | Reached XP level 9. HP: 45/77 MP: 9/9
  7058 | D:8      | HP: 2/78 [orc/exploding inner flame[the player character]
                  | (18)]
  7058 | D:8      | Killed a death yak
  7058 | D:8      | Killed from afar by an orc

Skill      XL: |  1  2  3  4  5  6  7  8  9 |
---------------+----------------------------+-----
Fighting       | 4 5 6 |  6.7
Dodging        | 3 4 5 6 |  6.5
Long Blades    | 3 4 5 7 |  7.8
Shields        | 4 5 6 |  6.3
Stealth        | 1 2 3 |  3.0

Action                   |  1- 3 |  4- 6 |  7- 9 || total
-------------------------+-------+-------+-------++-------
Melee: Long sword        |    68 |   173 |   281 ||   522
       Tailslap          |     4 |    20 |    33 ||    57
  Use: Scroll            |     2 |     2 |     5 ||     9
       Potion            |       |       |     2 ||     2
 Stab: Sleeping          |       |     1 |       ||     1
       Paralysed         |       |     3 |       ||     3
  Eat: Chunk             |     2 |     7 |     7 ||    16
       Ration            |       |       |     1 ||     1
Armor: Skin              |    15 |    43 |    69 ||   127
Dodge: Dodged            |    29 |    73 |   117 ||   219
Block: Shield            |    36 |    76 |   134 ||   246
       Rpst.: Long sword |     7 |    19 |    40 ||    66
